 Dungeon Crawl Stone Soup version 0.28.0-43-g3370ac3207 (webtiles) character file.

Game seed: 5035211052799640111

14 crimpus the Shield-Bearer (level 2, -1/25 HPs)
             Began as a Demigod Fighter on Mar 11, 2022.
             Slain by a jackal (3 damage)
             ... on level 1 of the Dungeon.
             The game lasted 00:00:29 (327 turns).

crimpus the Shield-Bearer (Demigod Fighter)          Turns: 327, Time: 00:00:30

Health: -1/25      AC:  6    Str: 17    XL:     2   Next: 15%
Magic:  4/4        EV:  9    Int: 10    God:
Gold:   13         SH:  4    Dex: 13    Spells: 1/1 levels left

rFire   . . .      SeeInvis .   a - +0 flail
rCold   . . .      Faith    .   c - +0 buckler
rNeg    . . .      Spirit   .   b - +0 scale mail
rPois   .          Reflect  .   (no helmet)
rElec   .          Harm     .   (no cloak)
rCorr   .          Rampage  .   (no gloves)
Will    .....                   (no boots)
Stlth   ..........              (no amulet)
HPRegen 0.08/turn               (no ring)
MPRegen 0.09/turn               (no ring)

@: no status effects
A: high MP 1, forlorn, divine attributes
a: no special abilities


You were on level 1 of the Dungeon.
You visited 1 branch of the dungeon, and saw 1 of its levels.

You collected 13 gold pieces.

Inventory:

Hand Weapons
 a - a +0 flail (weapon)
Armour
 b - a +0 scale mail (worn)
 c - a +0 buckler (worn)
Scrolls
 f - a scroll of identify {unknown}
Potions
 d - a potion of might
 e - a potion of resistance {unknown}


   Skills:
 + Level 2.7 Fighting
 + Level 2.1 Maces & Flails
 + Level 2.9 Armour
 + Level 2.9 Shields


You had one spell level left.
You didn't know any spells.
Your spell library was empty.

Dungeon Overview and Level Annotations

Branches:
Dungeon (1/15)


Innate Abilities, Weirdness & Mutations

You have an increased reservoir of magic. (+10% MP)
You shall have no god before yourself.
Your divine heritage dramatically boosts your attributes as you level up.


Message History

You closely miss the jackal. The jackal bites you.
* * * LOW HITPOINT WARNING * * *
The jackal closely misses you.
You barely miss the jackal. You block the jackal's attack.
The jackal closely misses you.
You barely miss the jackal. You block the jackal's attack.
The jackal bites you but does no damage.
You closely miss the jackal.
The jackal bites you but does no damage.
The jackal bites you.
* * * LOW HITPOINT WARNING * * *
You hit the jackal.
You kill the jackal!
The jackal barely misses you.
You closely miss the jackal.
The jackal bites you but does no damage.
The jackal barely misses you.
You barely miss the jackal. You block the jackal's attack.
The jackal barely misses you.
You hit the jackal.
You kill the jackal!
The jackal closely misses you.
You barely miss the jackal. The jackal barely misses you.
The jackal closely misses you.
You barely miss the jackal. The jackal bites you.
* * * LOW HITPOINT WARNING * * *
The jackal bites you.
* * * LOW HITPOINT WARNING * * *
You barely miss the jackal.
The jackal bites you but does no damage.
The jackal barely misses you.
You closely miss the jackal.
The jackal bites you but does no damage.
The jackal bites you.
* * * LOW HITPOINT WARNING * * *
You closely miss the jackal. You block the jackal's attack.
The jackal closely misses you.
You barely miss the jackal. The jackal closely misses you.
The jackal bites you.
You die...

#.#..†# #.....###... #.....#
##.)####...# ###.....#
#......#.#.## .......†#
#..###......# ........h+##
#.## #......####
....#......# #.# #..#.#.....
#####......# ##.####...##..#
.
#.......####..##.....##..##.
#........hh@.###.####..##..#
#.......#######....##..##..#
#......## #...#...##<.##.
.......## #..##...##..##.
...##### ###..#####..##..#
### ###....# ###..##..#
#...#..# #..##..##. #.###.##
#..##..##. #.#...#
###.....††


You could see 2 jackals.

Vanquished Creatures
  A giant cockroach (D:1)
  A hobgoblin (D:1)
  5 jackals (D:1)
  A quokka (D:1)
  2 bats (D:1)
  A kobold (D:1)
  A rat (D:1)
12 creatures vanquished.

Notes
Turn   | Place    | Note
-------+----------+-------------------------------------------
     0 | D:1      | crimpus the Demigod Fighter began the quest for the Orb.
     0 | D:1      | Reached XP level 1. HP: 18/18 MP: 3/3
   313 | D:1      | Reached XP level 2. HP: 9/25 MP: 4/4
   325 | D:1      | HP: 1/25 [jackal (1)]
   327 | D:1      | Slain by a jackal

Illustrated notes

Levels and vault maps discovered:
D:1:      lightli_iron_boxes, layout_rooms, ebering_ecumenical_altar_mist,
          grunt_decor_resistance, chequers_serial_rivers_room_a

Skill      XL: |  1 |
---------------+----+-----
Maces & Flails | 2 |  2.1
Fighting       | |  2.7
Armour         | |  2.9
Shields        | |  2.9

Action                   || total
-------------------------++-------
Melee: Flail             ||    61
Armor: Scale mail        ||    37
Dodge: Dodged            ||    51
Block: Buckler           ||    20
